 Dungeon Crawl Stone Soup version 0.20-a0-197-g1294df6 (webtiles) character file.

436 daggaz the Conjurer (level 7, 0/36 HPs)
             Began as a Kobold Fire Elementalist on Nov 24, 2016.
             Hit by a stone thrown by an orc (3 damage)
             ... on level 4 of the Dungeon.
             The game lasted 00:22:25 (4050 turns).

daggaz the Conjurer (Kobold Fire Elementalist)      Turns: 4050, Time: 00:22:26

Health: 0/36       AC:  5    Str:  6    XL:     7   Next: 21%
Magic:  0/10       EV: 15    Int: 18    God:
Gold:   172        SH:  0    Dex: 19    Spells: 2/10 levels left

rFire  . . .     SeeInvis .     s - +2 dagger (drain)
rCold  . . .     Gourm    .     a - +0 robe
rNeg   . . .     Faith    .     (shield restricted)
rPois  .         Spirit   .     d - +2 helmet
rElec  .         Reflect  .     (no cloak)
rCorr  .         Harm     .     (no gloves)
MR     .....                    (no boots)
Stlth  ++........               (no amulet)
                                r - -2 ring of dexterity (curse)
                                l - +6 ring of dexterity

@: no status effects
A: carnivore 3
a: no special abilities


You were on level 4 of the Dungeon.
You were not hungry.

You visited 1 branch of the dungeon, and saw 4 of its levels.
You also visited: Ossuary.

You collected 172 gold pieces.

Inventory:

Hand Weapons
 e - a +0 dagger
 j - a +0 trident
 k - a +0 mace
 s - a +2 dagger of draining (weapon)
Missiles
 h - 6 needles of frenzy
 m - 15 poisoned needles
 o - 48 stones (quivered)
Armour
 a - a +0 robe (worn)
 d - a +2 helmet (worn)
Jewellery
 l - a +6 ring of dexterity (left hand)
 r - a cursed -2 ring of dexterity (right hand)
Scrolls
 n - 2 scrolls of identify
 t - 2 scrolls of noise
Potions
 f - 3 potions of curing
 g - a potion of brilliance {unknown}
 p - a potion of degeneration {unknown}
 q - 3 potions of mutation {unknown}
Books
 b - a book of Flames

   Spells                             Type                      Level
   a - Flame Tongue                   Conjuration/Fire             1
   b - Throw Flame                    Conjuration/Fire             2
   c - Conjure Flame                  Conjuration/Fire             3
   d - Inner Flame                    Hexes/Fire                   3
   e - Sticky Flame                   Conjuration/Fire             4
   f - Fireball                       Conjuration/Fire             5
Comestibles
 c - a meat ration


   Skills:
 - Level 2.4 Dodging
 - Level 2.6 Stealth
 - Level 2.1 Spellcasting
 * Level 5.4 Conjurations
 * Level 5.2 Fire Magic


You had 2 spell levels left.
You knew the following spells:

 Your Spells              Type           Power        Failure   Level  Hunger
a - Flame Tongue          Conj/Fire      ###..        1%          1    #......
b - Conjure Flame         Conj/Fire      ###.....     10%         3    ###....
c - Sticky Flame          Conj/Fire      ###.....     24%         4    #####..


Dungeon Overview and Level Annotations

Branches:
Dungeon (4/15)
 Temple: D:4-7

Altars:
Uskayaw

Annotations:
D:3 vogonpoet's ghost, novice FoEE


Innate Abilities, Weirdness & Mutations

You are small and have problems with some larger weapons.
You are carnivorous and can eat meat at any time.


Message History

* * * LOW HITPOINT WARNING * * *
You feel better. The mummy hits you!
* * * LOW HITPOINT WARNING * * *
You hit the mummy.
You destroy the mummy!
The orc throws a stone.
The stone hits you but does no damage.
You closely miss the orc. The orc hits you with a mace.
* * * LOW HITPOINT WARNING * * *
Casting: Flame Tongue
Confirm with . or Enter, or press ? or * to list all spells.
Aiming: Flame Tongue
Press: ? - help, Shift-Dir - straight line, f - orc
Aim: an orc, wielding a mace The flame tongue hits the orc.
The orc is almost dead.
The orc closely misses you.
You hit the orc.
You kill the orc!
The orc throws a stone.
The stone hits you.
You die...

#... .. #... #$! ... #..
..## +.# #.###.###
#..##... ###...#.# #
#@)o....##.###. . #
..###...#........ .. #.
###...##..##.##.###. ...
.## #.. #..#.###.# #
#... ..####.# #..##.'.#
#...#......# ##..###Z##
# #.....##..###
#..M##M.#.##..
#<###...###....#(....o..
#..##.#..##....†.....###


You could see an orc.

Vanquished Creatures
  2 elf zombies (Ossuary)
  A human zombie (Ossuary)
  Ijyb (D:2)
  A worker ant (D:4)
  3 big kobold zombies (Ossuary)
  3 mummies
  Robin (D:2)
  2 adders (D:4)
  An ooze (D:1)
  An adder zombie (Ossuary)
  4 dart slugs (D:1)
  A leopard gecko (D:2)
  2 orcs (D:4)
  A ball python (D:2)
  10 bats
  3 giant cockroaches
  6 goblins
  17 hobgoblins
  A quokka (D:2)
  5 frilled lizards
  A goblin zombie (Ossuary)
  10 hobgoblin zombies (Ossuary)
  A jackal zombie (Ossuary)
  3 kobolds
  12 kobold zombies (Ossuary)
  5 orc zombies (Ossuary)
  7 rats
105 creatures vanquished.

Vanquished Creatures (others)
  A leopard gecko (D:4)
1 creature vanquished.

Grand Total: 106 creatures vanquished

Notes
Turn   | Place    | Note
-------+----------+-------------------------------------------
     0 | D:1      | daggaz the Kobold Fire Elementalist began the quest for the Orb.
     0 | D:1      | Reached XP level 1. HP: 10/10 MP: 3/3
    93 | D:1      | Reached XP level 2. HP: 15/15 MP: 1/5
   148 | D:1      | You fall through a shaft!
   382 | D:2      | Noticed Ijyb
   508 | D:2      | Killed Ijyb
   508 | D:2      | Reached XP level 3. HP: 8/19 MP: 0/6
   738 | D:2      | Learned a level 3 spell: Conjure Flame
   971 | D:2      | Noticed Robin
  1023 | D:2      | Reached XP level 4. HP: 24/24 MP: 5/7
  1056 | D:2      | Killed Robin
  1812 | D:1      | Reached XP level 5. HP: 28/28 MP: 5/8
  2082 | D:2      | Noticed a hand axe
  2082 | D:2      | Noticed a hand axe
  2085 | D:2      | Found a hide-covered altar of Uskayaw.
  2439 | D:3      | Noticed vogonpoet's ghost (novice FoEE)
  2687 | D:4      | Found a sand-covered staircase.
  2695 | Ossuary  | Entered an ossuary
  2872 | Ossuary  | Learned a level 4 spell: Sticky Flame
  3545 | Ossuary  | Reached XP level 6. HP: 32/32 MP: 2/9
  3859 | Ossuary  | Reached skill level 5 in Conjurations
  3928 | Ossuary  | Reached skill level 5 in Fire Magic
  3932 | Ossuary  | Reached XP level 7. HP: 33/36 MP: 4/10
  4050 | D:4      | Hit by a stone thrown by an orc

Vault maps used:
D:1:      dpeg_arrival_shrine, hangedman_decor_growths, minmay_fountain_box,
          st_stairs_3, nrook_mini_backslash
D:2:      dancing_weapons_uskayaw, st_stairs_11, uniq_iyjb, uniq_robin
D:3:      first_bread, kennysheep_generic_room_7
D:4:      nicolae_ossuary_entry_giza, grunt_dithmenos_smoke
Ossuary:  ossuary_tomb_1

Skill      XL: |  1  2  3  4  5  6 |
---------------+-------------------+-----
Conjurations   | 3 4 5 |  5.4
Fire Magic     | 4 5 |  5.2
Dodging        | |  2.4
Stealth        | |  2.6
Spellcasting   | |  2.1

Action                   |  1- 3 |  4- 6 |  7- 9 || total
-------------------------+-------+-------+-------++-------
Melee: Dagger            |    11 |    93 |    19 ||   123
Throw: Stone             |    15 |    15 |     1 ||    31
 Cast: Flame Tongue      |    35 |    72 |    15 ||   122
       Conjure Flame     |       |    17 |       ||    17
  Use: Scroll            |       |     3 |     2 ||     5
       Potion            |       |       |     1 ||     1
 Stab: Sleeping          |       |     5 |       ||     5
  Eat: Chunk             |     9 |     6 |       ||    15
       Beef jerky        |       |     1 |       ||     1
Armor: Robe              |     2 |    14 |     2 ||    18
Dodge: Dodged            |    23 |    46 |    20 ||    89
